AoeStats
← vignesh.689

Arena

509665913Analyzed
2v2 RM · 4d ago on Sep 27, 2026· 45m 54s· 4 players
Game mode
Random Map
Map size
Medium (4 player)
Population
200
Speed
Normal
Resources
Standard
Victory
Conquest
Starting age
Dark Age
Ending age
Imperial Age
RankedLock teamsTeams togetherTeam positionsShared explorationLock speedFull tech treeHidden civsTurbo modeCheats
Victory
Defeat
🇪🇸 Teutons · Spain
959
+17
🇪🇸 Byzantines · Spain
949
+17
🇮🇳 Spanish · India
1012
-18
🇮🇳 Bohemians · India
945
-16
💢Lalo💢
4:10 Loom
12:20 Feudal Age
16:20 Castle Age
14:06 Double-Bit Axe
14:02 Horse Collar
23:14 Loom
25:03 Wheelbarrow
24:55 Bow Saw
24:46 Heavy Plow
24:38 Gold Mining
24:39 Stone Mining
27:43 Fletching
27:54 Padded Archer Armor
27:19 Pikeman
27:59 Squires
27:23 Elite Skirmisher
29:37 Hand Cart
30:16 Thumb Ring
30:51 Leather Archer Armor
30:34 Bodkin Arrow
34:16 Imperial Age
32:39 Gold Shaft Mining
32:39 Stone Shaft Mining
34:58 Leather Archer Armor
34:39 Halberdier
36:47 Conscription
37:13 Husbandry
41:40 Heavy Camel Rider
42:28 Scale Barding Armor
44:50 Two-Man Saw
Wylly
12:11 Feudal Age
16:27 Castle Age
14:21 Double-Bit Axe
18:38 Bow Saw
23:43 Wheelbarrow
24:12 Horse Collar
25:28 Hand Cart
25:00 Loom
25:00 Town Watch
25:37 Heavy Plow
26:42 Gold Mining
26:47 Stone Mining
30:37 Imperial Age
29:46 Forging
29:37 Scale Mail Armor
31:27 Stone Shaft Mining
30:57 Caravan
32:25 Chemistry
31:49 Conscription
31:45 Elite Skirmisher
33:08 Masonry
35:08 Two-Man Saw
34:18 Fletching
35:01 Crenellations
37:27 Bodkin Arrow
37:50 Chain Mail Armor
39:54 Padded Archer Armor
40:18 Fortified Wall
40:28 Ballistics
41:42 Leather Archer Armor
41:59 Plate Mail Armor
42:04 Iron Casting
42:16 Hoardings
41:01 Elite Teutonic Knight
46:24 Siege Engineers
vignesh.689
12:12 Feudal Age
13:13 Double-Bit Axe
13:12 Horse Collar
16:04 Castle Age
14:57 Town Watch
15:49 Wheelbarrow
16:02 Wheelbarrow
17:47 Scale Barding Armor
25:09 Bow Saw
25:03 Heavy Plow
25:26 Hand Cart
27:07 Fletching
27:28 Forging
27:39 Chain Barding Armor
27:44 Ballistics
28:40 Stone Mining
33:05 Imperial Age
30:20 Loom
30:39 Bodkin Arrow
32:21 Forging
32:25 Fortified Wall
34:10 Conscription
33:37 Elite Conquistador
36:23 Chemistry
36:29 Town Patrol
37:40 Hoardings
41:16 Onager
46:03 Inquisition
46:26 Supremacy
Sid Ironside
11:52 Feudal Age
16:12 Castle Age
14:47 Double-Bit Axe
14:45 Horse Collar
17:37 Bow Saw
20:59 Heavy Plow
24:24 Wheelbarrow
23:35 Town Watch
23:36 Loom
26:42 Squires
29:14 Imperial Age
27:55 Pikeman
28:20 Arson
28:56 Wagenburg Tactics
30:17 Conscription
31:02 Chemistry
30:18 Town Patrol
30:11 Fletching
30:26 Scale Barding Armor
30:36 Hussite Reforms
30:50 Bodkin Arrow
31:56 Ballistics
31:44 Halberdier
32:58 Scale Mail Armor
33:01 Bracer
33:01 Padded Archer Armor
33:11 Sappers
34:06 Scale Mail Armor
35:55 Two-Man Saw
36:26 Leather Archer Armor
36:26 Chain Mail Armor
36:34 Forging
35:52 Houfnice
36:39 Elite Hussite Wagon
42:45 Sanctity
44:38 Block Printing
44:48 Illumination
44:59 Theocracy
44:44 Heresy
44:21 Herbal Medicine
44:26 Devotion
45:53 Fortified Wall
45:48 Siege Engineers
Connection lost

Rejoining the realm…

Still unreachable

The connection could not be restored.

Session expired

The server has moved on; the page needs a fresh start.